 Dungeon Crawl Stone Soup version 0.28.0-43-g3370ac3207 (webtiles) character file.

Game seed: 3729805858034815014

1474 boopmooplesden the Quickloader (level 8, 0/70 HPs)
             Began as a Minotaur Hunter on Mar 3, 2022.
             Was an Initiate of Okawaru.
             Slain by an orc warrior
             ... wielding a +0 long sword
              (3 damage)
             ... on level 7 of the Dungeon.
             The game lasted 00:15:05 (6791 turns).

boopmooplesden the Quickloader (Minotaur Hunter)    Turns: 6791, Time: 00:15:06

Health: 0/70       AC:  7    Str: 14    XL:     8   Next: 49%
Magic:  7/7        EV: 13    Int:  8    God:    Okawaru [......]
Gold:   108        SH:  0    Dex: 15    Spells: 7/7 levels left

rFire   . . .      SeeInvis .   b - +0 long sword of Lies {freeze, rC+ rN+ Str-3 Dex+2}
rCold   + . .      Faith    .   (no shield)
rNeg    + . .      Spirit   .   r - +3 leather armour
rPois   .          Reflect  .   (helmet restricted)
rElec   .          Harm     .   s - +0 cloak
rCorr   .          Rampage  .   (no gloves)
Will    .....                   (no boots)
Stlth   ++........              (no amulet)
HPRegen 0.21/turn               (no ring)
MPRegen 0.10/turn               (no ring)

@: no status effects
A: horns 2, retaliatory headbutt
a: Renounce Religion


You were on level 7 of the Dungeon.
You worshipped Okawaru.
Okawaru was noncommittal.
You visited 2 branches of the dungeon, and saw 8 of its levels.

You collected 320 gold pieces.
You spent 212 gold pieces at shops.

Inventory:

Hand Weapons
 a - a +1 hand crossbow
 b - the +0 long sword of Lies (weapon) {freeze, rC+ rN+ Str-3 Dex+2}
   (You bought it in a shop on level 6 of the Dungeon)

   It freezes those it strikes, dealing additional cold damage.
   It can also slow down cold-blooded creatures.
   Str:       It affects your strength (-3).
   Dex:       It affects your dexterity (+2).
   rC:        It protects you from cold.
   rN:        It protects you from negative energy.
 C - a +1 short sword of draining
Missiles
 d - 4 bolts
Armour
 c - a +0 leather armour
 f - a +1 chain mail
 q - the +1 robe "Luotaj Naz" {Will++ Dex+3}
   (You found it on level 3 of the Dungeon)

   Dex:       It affects your dexterity (+3).
   Will:      It greatly increases your willpower.
 r - a +3 leather armour (worn)
 s - a +0 cloak (worn)
Jewellery
 g - a ring of poison resistance
Wands
 o - a wand of charming (8)
 p - a wand of mindburst (25)
Scrolls
 e - 2 scrolls of torment
 i - 2 scrolls of teleportation
 j - a scroll of magic mapping
 w - 4 scrolls of identify
 y - a scroll of silence {unknown}
 A - a scroll of blinking
Potions
 h - a potion of haste {unknown}
 k - a potion of attraction {unknown}
 l - a potion of invisibility {unknown}
 m - 2 potions of brilliance {unknown}
 n - 4 potions of curing
 t - a potion of mutation {unknown}
 u - a potion of ambrosia {unknown}
 v - a potion of berserk rage {unknown}
 x - 3 potions of heal wounds {unknown}
 z - a potion of flight {unknown}
 B - a potion of might {unknown}


   Skills:
 + Level 5.7 Fighting
 + Level 4.1(4.2) Short Blades
 + Level 1.4(3.2) Long Blades
 + Level 8.6 Crossbows
 + Level 4.1 Armour
 + Level 4.3 Dodging
 + Level 1.7 Stealth


You had 7 spell levels left.
You didn't know any spells.
Your spell library contained the following spells:

 Spells                   Type           Power      Damage    Failure   Level
 Ignite Poison            Fire/Tmut/Pois 0%         N/A       85%         3
 Mephitic Cloud           Conj/Pois/Air  0%         N/A       85%         3
 Fulminant Prism          Conj/Hex       0%         3d6       99%         4
 Iskenderun's Mystic Bla  Conj/Tloc      0%         2d3       99%         4
 Freezing Cloud           Conj/Ice/Air   0%         6-21      100%        5
 Lee's Rapid Deconstruct  Erth           0%         3d5*      100%        5


Dungeon Overview and Level Annotations

Branches:
Dungeon (7/15)             Temple (1/1) D:5

Altars:
Ashenzari
Cheibriados
Dithmenos
Okawaru
Qazlal
Ru
Sif Muna
Trog
Vehumet
Wu Jian
Zin
The Shining One

Shops:
D:4 :   D:6 (


Innate Abilities, Weirdness & Mutations

You have a pair of horns on your head.
You reflexively headbutt those who attack you in melee.


Message History

The orc wizard shouts!
You hit the orc but do no damage.
The orc warrior hits you with a +0 long sword!
The orc barely misses you.
The orc wizard casts a spell.
The orc wizard flickers and vanishes!
Deactivating autopickup; reactivate with Ctrl-A.
The orc hits you with a +0 short sword. The orc hits you with a +0 short sword.
You hit the orc warrior. You freeze the orc warrior.
The orc warrior is severely wounded.
The orc warrior closely misses you. You furiously retaliate!
You headbutt the orc warrior, but do no damage.
You feel better. The orc warrior barely misses you.
You barely miss the orc warrior.
The orc warrior is severely wounded.
The orc warrior closely misses you.
You hit the orc warrior. You freeze the orc warrior.
Your headbutt misses the orc warrior.
The orc warrior is almost dead.
The orc warrior closely misses you. You furiously retaliate!
You headbutt the orc warrior, but do no damage.
The orc warrior hits you with a +0 long sword!
* * * LOW HITPOINT WARNING * * *
You closely miss the orc warrior.
You headbutt the orc warrior, but do no damage.
The orc warrior is almost dead.
The orc warrior hits you with a +0 long sword!
* * * LOW HITPOINT WARNING * * *
You barely miss the orc warrior. Your headbutt misses the orc warrior.
The orc warrior is almost dead.
The orc warrior hits you with a +0 long sword!
* * * LOW HITPOINT WARNING * * *
You completely miss the orc warrior.
The orc warrior is almost dead.
The orc warrior completely misses you.
You barely miss the orc warrior.
The orc warrior is almost dead.
The orc warrior hits you with a +0 long sword.
You die...

####.#..........
#.##.####....
#.##..# #.... ##.
#..# #.##. ...
#..###.... #.#
#...##.#..
#.###.........
######.##.(.....#..
#.@o{oo.#(##....†..
#.####...(.#..#.##.
#. #.##..#.(.....
#. .......#.......
## ###.###.#....##.
#.# .#.....#. ...
....#.. . ..#
##..#.. ## #..##.#


You could see an orc warrior and 2 orcs.

Vanquished Creatures
  Menkaure (D:5)
  A water moccasin (D:7)
  2 ogres (D:4)
  A phantom (D:4)
  A howler monkey (D:6)
  3 bullfrog zombies
  3 hounds
  3 jellies
  3 orc priests
  A centaur skeleton (D:7)
  A bullfrog skeleton (D:6)
  Natasha (thrice) (D:3)
  3 iguanas
  5 orc wizards
  2 killer bee zombies
  Robin (D:2)
  7 adders
  3 white imps
  3 ufetubi
  2 worms
  A dart slug (D:2)
  16 orcs
  3 bats
  5 endoplasms
  2 giant cockroaches
  13 goblins
  8 hobgoblins
  7 jackals (D:2)
  4 quokkas
  4 ball pythons
  4 frilled lizards
  5 kobolds
  4 rats
125 creatures vanquished.

Vanquished Creatures (others)
  32 plants (D:4)
32 creatures vanquished.

Grand Total: 157 creatures vanquished

Notes
Turn   | Place    | Note
-------+----------+-------------------------------------------
     0 | D:1      | boopmooplesden the Minotaur Hunter began the quest for the
                  | Orb.
     0 | D:1      | Reached XP level 1. HP: 18/18 MP: 0/0
   325 | D:1      | Reached skill level 1 in Armour
   325 | D:1      | Reached XP level 2. HP: 25/25 MP: 1/1
   838 | D:2      | Reached skill level 5 in Crossbows
  1047 | D:2      | Reached XP level 3. HP: 24/30 MP: 2/2
  1195 | D:2      | Noticed Robin
  1215 | D:2      | Killed Robin
  1310 | D:2      | Found a faded altar of an unknown god.
  1620 | D:2      | Reached XP level 4. HP: 37/37 MP: 3/3
  1741 | D:2      | Reached skill level 1 in Stealth
  2240 | D:3      | Reached skill level 6 in Crossbows
  2240 | D:3      | Reached XP level 5. HP: 31/45 MP: 4/4
  2869 | D:3      | Identified the +1 robe "Luotaj Naz" {Will++ Dex+3}
  3048 | D:3      | Noticed Natasha
  3052 | D:3      | Killed Natasha
  3182 | D:3      | Noticed Natasha
  3190 | D:3      | Killed Natasha
  3191 | D:3      | Reached skill level 7 in Crossbows
  3335 | D:4      | Noticed a phantom
  3335 | D:4      | Noticed an ogre
  3433 | D:3      | Noticed Natasha
  3447 | D:3      | Killed Natasha
  3448 | D:3      | Reached XP level 6. HP: 48/51 MP: 5/5
  3933 | D:4      | Reached skill level 1 in Short Blades
  3933 | D:4      | Reached XP level 7. HP: 28/59 MP: 6/6
  4613 | D:4      | Found Himuifux's Book Boutique.
  4638 | D:4      | Reached skill level 8 in Crossbows
  4795 | D:5      | Entered Level 5 of the Dungeon
  4853 | D:5      | Noticed Menkaure
  4870 | D:5      | Killed Menkaure
  4891 | D:5      | You fall into a shaft and drop 2 floors!
  5234 | D:7      | Reached skill level 5 in Fighting
  5258 | D:7      | Noticed a vampire
  5283 | D:7      | Reached XP level 8. HP: 47/68 MP: 7/7
  5684 | D:5      | Found a staircase to the Ecumenical Temple.
  5717 | Temple   | Entered the Ecumenical Temple
  5836 | Temple   | Became a worshipper of Warmaster Okawaru
  6374 | D:6      | Found Xiez's Antique Weapon Shop.
  6382 | D:6      | Bought a brightly glowing long sword for 212 gold pieces
  6382 | D:6      | Identified the +0 long sword of Lies {freeze, rC+ rN+ Str-3
                  | Dex+2} (You bought it in a shop on level 6 of the Dungeon)
  6497 | D:6      | Reached skill level 1 in Long Blades
  6505 | D:6      | Noticed a two-headed ogre
  6789 | D:7      | HP: 3/70 [orc warrior/+0 long sword (8)]
  6791 | D:7      | Slain by an orc warrior

Illustrated notes

Levels and vault maps discovered:
D:1:      dpeg_arrival_yet_another_circle, layout_basic,
          nicolae_figureground_pulse
D:2:      layout_loops_ring, shapermc_ecumenical_altar_notcrosses, uniq_robin
D:3:      layout_basic, kennysheep_generic_room_4, uniq_natasha
D:4:      layout_rooms, serial_shops, shop, serial_bayou_lagoon_a,
          minmay_misc_feat_columns, minmay_misc_feat_tower
D:5:      layout_loops_ring, minmay_temple_entry_tees, corexii_corridor_pit,
          uniq_menkaure
D:6:      layout_cave_pools, biasface_ghost_orc_armoury, serial_shops, shop,
          minmay_increasing_density
D:7:      minmay_razor_zed, layout_basic, uniq_harold
Temple:   mainiacjoe_temple_archimedes_tessellation

Skill      XL: |  1  2  3  4  5  6  7  8 |
---------------+-------------------------+-----
Armour         | 1 2 3 4 |  4.1
Crossbows      | 5 6 7 8 |  8.6
Fighting       | 3 4 5 |  5.7
Stealth        | 1 |  1.7
Short Blades   | 1 3 4 |  4.1
Dodging        | 3 4 |  4.3
Long Blades    | 1 |  1.4

Action                   |  1- 3 |  4- 6 |  7- 9 || total
-------------------------+-------+-------+-------++-------
Melee: Short sword       |     2 |    56 |    94 ||   152
       Headbutt          |       |     6 |    25 ||    31
       Hand crossbow     |       |     1 |       ||     1
       Long sword        |       |       |    45 ||    45
       Punch             |       |       |     2 ||     2
 Fire: Hand crossbow     |    86 |   101 |    48 ||   235
  Use: Scroll            |       |     5 |     4 ||     9
       Potion            |       |       |     1 ||     1
Armor: Leather armour    |     9 |    50 |    63 ||   122
Dodge: Dodged            |    14 |    44 |    87 ||   145
